 Dungeon Crawl Stone Soup version 0.29.1-15-g9cfb28693d (webtiles) character file.

Game seed: 5510226874123359790

1193 Jinky the Covert (level 8, -11/39 HPs)
             Began as a Spriggan Enchanter on Mar 12, 2023.
             Was a Priest of Ru.
             Killed by the air
             ... invoked by Gastronok
              (26 damage)
             ... on level 8 of the Dungeon.
             The game lasted 00:27:18 (5856 turns).

Jinky the Covert (Spriggan Enchanter)               Turns: 5856, Time: 00:27:19

Health: -11/39     AC:  2    Str:  4    XL:     8   Next: 20%
Magic:  1/17       EV: 18    Int: 25    God:    Ru [***...]
Gold:   256        SH:  0    Dex: 15    Spells: 9/17 levels left

rFire   . . .      SeeInvis +   e - +0 dagger (venom)
rCold   . . .      Faith    .   (shield unavailable)
rNeg    . . .      Spirit   .   b - +0 robe
rPois   .          Reflect  .   (helmet restricted)
rElec   .          Harm     .   (no cloak)
rCorr   .          Rampage  .   (gloves unavailable)
Will    +....                   (boots unavailable)
Stlth   ++++......              (no amulet)
HPRegen 0.13/turn               (ring unavailable)
MPRegen 0.15/turn               f - +6 ring of intelligence

@: very slightly contaminated, very quick
A: very small, no large weapons, unfitting armour, see invisible, speed 3,
missing a hand
a: Renounce Religion, Draw Out Power


You were on level 8 of the Dungeon.
You worshipped Ru.
Ru was most pleased with you.
You visited 2 branches of the dungeon, and saw 9 of its levels.

You collected 256 gold pieces.

Inventory:

Hand Weapons
 a - a +1 dagger
 e - a +0 dagger of venom (weapon)
Armour
 b - a +0 robe (worn)
Jewellery
 f - a +6 ring of intelligence (right hand)
Scrolls
 d - 2 scrolls of teleportation
 k - a scroll of enchant weapon {unknown}
 l - a scroll of silence
Potions
 c - a potion of heal wounds {unknown}
 g - a potion of curing {unknown}
 i - 2 potions of haste


   Skills:
 * Level 2.1 Fighting
 * Level 3.2 Short Blades
 * Level 2.0 Armour
 * Level 4.4 Dodging
 * Level 8.6 Stealth
 * Level 5.4 Spellcasting
 * Level 5.8 Hexes
 * Level 2.1 Ice Magic


You had 9 spell levels left.
You knew the following spells:

 Your Spells              Type           Power      Damage    Failure   Level
a - Ensorcelled Hibernat  Hex/Ice        52%        N/A       2%          2
b - Tukima's Dance        Hex            35%        N/A       2%          3
c - Confusing Touch       Hex            35%        N/A       2%          3

Your spell library contained the following spells:

 Spells                   Type           Power      Damage    Failure   Level
 Dazzling Flash           Conj/Hex       42%        N/A       7%          3


Dungeon Overview and Level Annotations

Branches:
Dungeon (8/15)             Temple (1/1) D:4
   Lair: D:8-11

Altars:
Ashenzari
Dithmenos
Elyvilon
Fedhas
Gozag
Hepliaklqana
Kikubaaqudgha
Makhleb
Nemelex Xobeh
Qazlal
Ru
Trog
Uskayaw
Xom
Yredelemnul
Zin

Portals:
Bailey: D:8

Annotations:
D:8 Gastronok


Innate Abilities, Weirdness & Mutations

You are very small and have problems with some larger weapons.
You are too small for most types of armour.
You have supernaturally acute eyesight. (SInv)
You cover ground extremely quickly. (Speed+++)
You are missing a hand.


Message History

Gastronok resists with almost no effort.
Casting: Ensorcelled Hibernation (safe; 2% risk of failure)
Confirm with . or Enter, or press ? or * to list all spells.
Aiming: Ensorcelled Hibernation (safe; 2% risk of failure)
Press: ? - help, Shift-Dir - straight line, f/p - Gastronok
Aim: Gastronok, wearing a +0 hat (chance to affect: 12%)
You miscast Ensorcelled Hibernation.
You are very lightly contaminated with residual magic.
Nothing appears to happen.
Gastronok bites you.
Unknown command.
Casting: Ensorcelled Hibernation (safe; 2% risk of failure)
Confirm with . or Enter, or press ? or * to list all spells.
Aiming: Ensorcelled Hibernation (safe; 2% risk of failure)
Press: ? - help, Shift-Dir - straight line, f/p - Gastronok
Aim: Gastronok, wearing a +0 hat (chance to affect: 12%) Gastronok resists with almost no effort.
Casting: Ensorcelled Hibernation (safe; 2% risk of failure)
Confirm with . or Enter, or press ? or * to list all spells.
Aiming: Ensorcelled Hibernation (safe; 2% risk of failure)
Press: ? - help, Shift-Dir - straight line, f/p - Gastronok
Aim: Gastronok, wearing a +0 hat (chance to affect: 12%) Gastronok resists with almost no effort.
Gastronok gurgles.
Gastronok bites you!!
Unknown command.
Casting: Ensorcelled Hibernation (safe; 2% risk of failure)
Confirm with . or Enter, or press ? or * to list all spells.
Aiming: Ensorcelled Hibernation (safe; 2% risk of failure)
Press: ? - help, Shift-Dir - straight line, f/p - Gastronok
Aim: Gastronok, wearing a +0 hat (chance to affect: 12%) Gastronok looks drowsy...
The helpless Gastronok fails to defend himself.
You skewer Gastronok like a kebab!!!
Gastronok looks as sick as possible!
Gastronok is moderately wounded.
Gastronok is stunned by your conviction and fails to attack.
Unknown command.
Gastronok waves his eye-stalks in wide circles.
The air twists around and strikes you!!
Ouch! That really hurt!
You die...

,,,,,,,,,,....,,,,,,**........#..
,,,,,,,,,,...!,,,,,,*,[#..#......
,,,,,,,,,,.....####,,,*#.##......
,,,,,,,,,,.....#...,,,,#.#.......
,,,,,,,,,,........#,*#...........
,,,,,,,,,,,.......###..####......
,,,,,,,,,,*,,##.....w..##........
,,,,,,,,,,,,,#.##......#.........
,,,,**,,,,,,##..@....##..........
,,,,*,,,,,**#..∩####..........##.
,,,,,,,**..##.....#...##......###
,*****,,..............#..........
,******,.........................
,,,,,*,,.........................
,,,,,,,,.........................
,,,,,,,,.........................
,,,,,*,,............##...........


You could see Gastronok (extremely poisoned).

Vanquished Creatures
  Maggie (D:6)
  A sky beast (D:5)
  2 bullfrogs
  A gnoll sergeant (D:7)
  A necrophage (D:8)
  2 scorpions
  A killer bee (D:7)
  An orc wizard (D:2)
  Robin (D:3)
  6 gnolls
  5 adders
  A shadow imp (D:6)
  An ufetubus (D:5)
  A worm (D:3)
  A dart slug (D:1)
  4 orcs
  6 bats
  7 endoplasms
  7 giant cockroaches
  8 goblins
  7 hobgoblins
  4 jackals (D:2)
  5 kobolds
  3 quokkas (D:1)
  6 ball pythons
  4 frilled lizards
  7 rats
94 creatures vanquished.

Vanquished Creatures (collateral kills)
  A centaur (D:7)
  An orc wizard (D:6)
  2 gnolls (D:7)
  3 orcs
  A ball python (D:4)
  4 goblins
  A kobold (D:4)
  A rat (D:1)
14 creatures vanquished.

Vanquished Creatures (others)
  3 dancing weapons
  A plant (D:1)
4 creatures vanquished.

Grand Total: 112 creatures vanquished

Notes
Turn   | Place    | Note
-------+----------+-------------------------------------------
     0 | D:1      | Jinky the Spriggan Enchanter began the quest for the Orb.
     0 | D:1      | Reached XP level 1. HP: 9/9 MP: 5/5
     4 | D:1      | You fall into a shaft and drop 1 floor!
    17 | D:2      | Reached XP level 2. HP: 13/13 MP: 6/6
    91 | D:2      | Learned a level 2 spell: Ensorcelled Hibernation
   352 | D:2      | Reached skill level 5 in Stealth
   391 | D:2      | Reached XP level 3. HP: 16/16 MP: 0/8
   417 | D:2      | Learned a level 3 spell: Tukima's Dance
   629 | D:3      | Noticed Robin
   866 | D:3      | Killed Robin
   867 | D:3      | Reached XP level 4. HP: 17/21 MP: 0/9
  1005 | D:4      | Identified the +1 leather armour of Polish {Rampage MP-9
                  | Dex-4 Slay+5}
  1220 | D:4      | Noticed a necrophage
  1456 | D:4      | Found a staircase to the Ecumenical Temple.
  1465 | Temple   | Entered the Ecumenical Temple
  1515 | Temple   | Became a worshipper of Ru the Awakened
  1753 | D:4      | Found a hide-covered altar of Uskayaw.
  2563 | D:3      | Learned a level 3 spell: Confusing Touch
  3118 | D:3      | Reached skill level 6 in Stealth
  3118 | D:3      | Reached XP level 5. HP: 22/25 MP: 0/11
  3429 | D:2      | Reached skill level 1 in Fighting
  3429 | D:2      | Reached skill level 1 in Armour
  4295 | D:1      | Gained mutation: You are missing a hand. [Ru sacrifice]
  4295 | D:1      | Reached * piety under Ru
  4295 | D:1      | Reached ** piety under Ru
  4295 | D:1      | Reached *** piety under Ru
  4615 | D:5      | Entered Level 5 of the Dungeon
  4616 | D:5      | Noticed a sky beast
  4625 | D:5      | Reached XP level 6. HP: 26/30 MP: 1/12
  4634 | D:5      | Killed a sky beast
  4635 | D:5      | Reached skill level 7 in Stealth
  4635 | D:5      | Reached skill level 1 in Ice Magic
  4939 | D:6      | Noticed Maggie
  5041 | D:6      | HP: 1/30 [Maggie/bolt of fire (21)]
  5059 | D:6      | Killed Maggie
  5060 | D:6      | Reached skill level 8 in Stealth
  5060 | D:6      | Reached skill level 5 in Hexes
  5060 | D:6      | Reached XP level 7. HP: 2/34 MP: 12/14
  5081 | D:7      | Found a large runed translucent door.
  5081 | D:7      | Found a large runed translucent door.
  5377 | D:7      | Found a sparkling altar of Nemelex Xobeh.
  5509 | D:7      | Reached skill level 5 in Spellcasting
  5660 | D:7      | Reached XP level 8. HP: 38/39 MP: 10/16
  5738 | D:8      | Noticed Gastronok
  5776 | D:8      | Found an ancient bone altar of Kikubaaqudgha.
  5827 | D:8      | Found a flagged portal.
  5856 | D:8      | Killed from afar by Gastronok

Illustrated notes

Levels and vault maps discovered:
D:1:      dpeg_arrival_arbitrary_b, layout_loops_cross, serial_bayou_lagoon_a
D:2:      layout_rooms, minmay_stone_trees_small
D:3:      layout_basic, uniq_robin, uniq_crazy_yiuf_cottage
D:4:      layout_layer_cave, kennysheep_mini_moat, lemuel_temple_firewalk_a
D:5:      layout_layer_cave, gammafunk_ghost_smash
D:6:      nicolae_BIG_FREAKIN_CUBE, layout_basic, st_stairs_8,
          lightli_church_of_beogh, uniq_maggie, uniq_pikel
D:7:      layout_loops_corners, lemuel_doored_altar,
          mainiacjoe_overflow_large_starburst, jmf_multi_god_temple2,
          ebering_ghost_gozag, kennysheep_decorative_pillar
D:8:      layout_cave_pools, kiku_gazebo_pond_becter, enter_bailey_1,
          uniq_gastronok
Temple:   nicolae_temple_bog_church

Skill      XL: |  1  2  3  4  5  6  7  8 |
---------------+-------------------------+-----
Hexes          | 4 5 |  5.8
Stealth        | 5 6 8 |  8.6
Spellcasting   | 3 4 5 |  5.4
Dodging        | 3 4 |  4.4
Fighting       | 1 2 |  2.1
Armour         | 1 2 |  2.0
Short Blades   | 2 3 |  3.2
Ice Magic      | 1 2 |  2.1

Action                   |  1- 3 |  4- 6 |  7- 9 || total
-------------------------+-------+-------+-------++-------
Melee: Dagger            |    47 |   108 |    12 ||   167
       Punch             |     1 |       |       ||     1
 Cast: Ensorcelled Hiber |    15 |    43 |    19 ||    77
       Tukima's Dance    |     2 |    24 |     4 ||    30
Invok: Sacrifice a Hand  |       |     1 |       ||     1
  Use: Potion            |     2 |     4 |       ||     6
       Scroll            |     1 |     6 |     3 ||    10
 Stab: Invisible         |     1 |       |       ||     1
       Sleeping          |    12 |    41 |     9 ||    62
Armor: Robe              |     4 |     8 |     1 ||    13
       Skin              |       |     3 |       ||     3
Dodge: Dodged            |    44 |    93 |    22 ||   159
